 Dungeon Crawl Stone Soup version 0.26.1-11-gd32895ea62 (webtiles) character file.

Game seed: 11663990234341671906

121 H0rd4k the Insei (level 5, -1/33 HPs)
             Began as an Octopode Transmuter on July 15, 2021.
             Slain by a gnoll (8 damage)
             ... on level 2 of the Dungeon.
             The game lasted 00:01:32 (2248 turns).

H0rd4k the Insei (Octopode Transmuter)              Turns: 2248, Time: 00:01:32

Health: -1/33      AC:  2    Str: 10    XL:     5   Next: 5%
Magic:  3/8        EV: 20    Int: 16    God:
Gold:   118        SH:  0    Dex: 17    Spells: 5/9 levels left

rFire    . . .     SeeInvis .     - Unarmed
rCold    . . .     Faith    .   (shield currently unavailable)
rNeg     . . .     Spirit   .   (helmet currently unavailable)
rPois    x         Reflect  .   (no amulet)
rElec    .         Harm     .   (no ring)
rCorr    .         Rampage  .   (no ring)
Will     .....                  (no ring)
Stlth    ++........             (no ring)
HPRegen  0.11/turn              (no ring)
MPRegen  0.11/turn              (no ring)
                                (no ring)
                                (no ring)

@: spider-form (expiring)
A: tiny, almost no armour, stealthy swim, (amphibious), 8 rings, (constrict 8)
a: End Transformation


You were on level 2 of the Dungeon.
You were a venomous arachnid creature.
You visited 1 branch of the dungeon, and saw 2 of its levels.

You collected 118 gold pieces.

Inventory:

Scrolls
 a - a scroll of fog {unknown}
 c - 3 scrolls of identify {unknown}
 e - a scroll of blinking {unknown}
 i - a scroll of teleportation {unknown}
 k - a scroll of enchant armour {unknown}
Potions
 b - a potion of curing {unknown}
 d - a potion of brilliance {unknown}
 f - a potion of heal wounds {unknown}
 g - a potion of lignification {unknown}
 h - a potion of berserk rage {unknown}
 j - a potion of attraction {unknown}


   Skills:
 + Level 1.0 Fighting
 + Level 2.5 Dodging
 - Level 0.8 Stealth
 + Level 4.2 Unarmed Combat
 * Level 2.6 Spellcasting
 * Level 2.7 Transmutations
 * Level 1.1 Poison Magic


You had 5 spell levels left.
You knew the following spells:

 Your Spells              Type           Power        Failure   Level
a - Beastly Appendage     Tmut           20%          17%         1
b - Spider Form           Tmut/Pois      4%           47%         3

Your spell library contained the following spells:

 Spells                   Type           Power        Failure   Level
 Wereblood                Tmut           10%          24%         2
 Ice Form                 Ice/Tmut       6%           88%         4
 Blade Hands              Tmut           5%           96%         5


Dungeon Overview and Level Annotations

Branches:
Dungeon (2/15)

Altars:
Okawaru


Innate Abilities, Weirdness & Mutations

You cannot wear most types of armour.
You are very stealthy in the water. (Stealth+)
((You are amphibious.))
You can wear up to eight rings at the same time.
((You can use your tentacles to constrict eight enemies at once.))
((Your skin changes colour to match your surroundings (Stealth+).))
((Your rubbery body absorbs attacks. (AC +1, EV +1)))


Message History

You have reached level 5!
You feel stronger. The gnoll misses you. The kobold hits you.
Things that are here:
4 stones; a gnoll corpse You hit the gnoll.
The gnoll is moderately wounded.
Your transformation is almost over.
The gnoll hits you!
The kobold splashes around in the water.
You hit the gnoll but do no damage.
The gnoll is poisoned.
The gnoll is moderately wounded.
The gnoll hits you.
* * * LOW HITPOINT WARNING * * *
The kobold hits you.
* * * LOW HITPOINT WARNING * * *
You hit the gnoll but do no damage.
The gnoll looks as sick as possible!
The gnoll is moderately wounded.
The gnoll hits you!
You die...

#..#####...####.# #.
#.###...........###.
###_####............
.≈.≈#####.#######..
##≈.≈. #.#######.#
.≈.≈## #..........
##≈.≈.####..#####.##
#.≈g≈##.....# #.#
#≈sK.##....# #.#
##(####.#..# #.#
#(####.#..# #.##
#((....#..#####...
######.#..........
#.#.#######<. #.#.#
#### #.#.######...
#.#.........#


You could see a gnoll (extremely poisoned) and a kobold.

Vanquished Creatures
  4 gnolls (D:2)
  2 adders (D:2)
  An ooze (D:1)
  A worm (D:2)
  4 dart slugs
  2 leopard geckos (D:1)
  A ball python (D:1)
  6 bats
  3 giant cockroaches
  7 goblins
  7 hobgoblins
  5 frilled lizards
  2 kobolds
  3 rats (D:1)
48 creatures vanquished.

Notes
Turn   | Place    | Note
-------+----------+-------------------------------------------
     0 | D:1      | H0rd4k the Octopode Transmuter began the quest for the Orb.
     0 | D:1      | Reached XP level 1. HP: 13/13 MP: 3/3
    90 | D:1      | Reached XP level 2. HP: 18/18 MP: 5/5
   633 | D:1      | Reached XP level 3. HP: 20/23 MP: 6/6
   649 | D:1      | Learned a level 3 spell: Spider Form
  1609 | D:2      | Reached XP level 4. HP: 25/28 MP: 3/7
  2231 | D:2      | Reached skill level 1 in Poison Magic
  2233 | D:2      | Reached skill level 4 in Unarmed Combat
  2241 | D:2      | Found an iron altar of Okawaru.
  2245 | D:2      | Reached XP level 5. HP: 21/33 MP: 3/8
  2248 | D:2      | Slain by a gnoll

Illustrated notes

Levels and vault maps discovered:
D:1:      dpeg_arrival_renting, layout_basic, serial_forest,
          infiniplex_forest_end_3, infiniplex_forest_lined_corner,
          infiniplex_forest_straight_5, infiniplex_forest_lined_ring,
          infiniplex_forest_clump_medium, infiniplex_forest_lined_corner,
          infiniplex_forest_clump_small
D:2:      layout_loops_ring, okawaru_altar_gauntlet_db

Skill      XL: |  1  2  3  4 |
---------------+-------------+-----
Poison Magic   | 1 |  1.1
Unarmed Combat | 4 |  4.2
Fighting       | |  1.0
Dodging        | |  2.5
Stealth        | |  0.8
Spellcasting   | |  2.6
Transmutations | |  2.7

Action                   |  1- 3 |  4- 6 || total
-------------------------+-------+-------++-------
Melee: Unarmed           |    64 |    43 ||   107
       Tentacles         |    20 |     6 ||    26
       Constrict         |    18 |     8 ||    26
       Punch             |     1 |     2 ||     3
 Cast: Spider Form       |     1 |     2 ||     3
 Stab: Sleeping          |     6 |     2 ||     8
Armor: Skin              |     5 |     5 ||    10
Dodge: Dodged            |    36 |    32 ||    68
